Map: Simulacrum LE

Players

BerryRAWR - Winner!

  • Race: Terran Terran
  • League: Grandmaster
  • Spawn Location: 11:00

Wilo

  • Race: Zerg Zerg
  • League: Master
  • Spawn Location: 5:00

VOD

Have the link to the VOD?

Description

Time

  • Played on: April 28, 2020, 3:27 a.m.
  • Length: 12:57
Show
View Real Time Build Order
Export as new Build Order

BerryRAWR Terran - Winner!

Build Orders: Gas First Reaper Expand, Liberator Opening 

Get SALT Encoding   

  12  0:00  SCV  
  13  0:13  SCV  
  14  0:17  Supply Depot  
  14  0:31  SCV  
  15  0:35  Refinery  
  15  0:43  SCV  
  15  0:45  Barracks  
  16  0:55  SCV  
  17  1:08  SCV  
  18  1:20  SCV  
  19  1:35  Reaper  
  19  1:36  Orbital Command  
  20  1:44  Command Center  
  20  1:58  Factory  
  20  2:02  SCV  
  21  2:14  SCV, Barracks Reactor  
  22  2:18  Supply Depot  
  22  2:26  SCV  
  21  2:38  SCV  
  22  2:48  Hellion, Command Center  
  22  2:51  SCV, Marine x2  
  27  3:03  SCV  
  28  3:07  Refinery  
  28  3:15  SCV  
  28  3:16  Hellion, Starport  
  31  3:29  Supply Depot  
  31  3:42  Supply Depot  
  31  3:46  Armory  
  31  3:50  Hellion x2  
  35  3:56  SCV  
  35  3:57  Liberator  
  39  4:05  Orbital Command  
  39  4:08  SCV  
  40  4:16  Hellion  
  42  4:19  Hellion  
  42  4:20  SCV  
  45  4:26  Orbital Command  
  45  4:32  SCV  
  45  4:38  Hellion  
  48  4:41  Hellion  
  48  4:42  Liberator  
  48  4:44  SCV  
  54  4:52  SCV  
  55  4:56  SCV  
  55  4:57  Supply Depot  
  57  5:07  SCV  
  57  5:13  Factory Tech Lab  
  57  5:21  SCV  
  57  5:22  SCV  
  57  5:28  Command Center  
  59  5:30  Engineering Bay  
  59  5:32  Supply Depot  
  59  5:34  SCV x2, Engineering Bay  
  61  5:39  Marine  
  57  5:54  SCV x2  
  50  5:58  Barracks  
  50  5:59  Starport Reactor  
  50  6:00  Barracks  
  44  6:06  SCV x2, Factory Reactor, Terran Infantry Weapons Level 1, Terran Infantry Armor Level 1  
  44  6:09  Stimpack, Marine  
  47  6:18  SCV x2  
  49  6:26  Barracks  
  49  6:27  Marine, Barracks  
  49  6:30  SCV  
  50  6:37  Medivac x2  
  54  6:41  Orbital Command  
  54  6:43  Widow Mine x2  
  54  6:45  Marine  
  54  6:46  Barracks Reactor  
  59  6:48  Refinery x2  
  59  6:49  Barracks Reactor  
  59  6:50  SCV  
  59  6:51  SCV  
  61  7:03  SCV x2  
  61  7:06  Supply Depot  
  63  7:09  Supply Depot  
  63  7:11  Widow Mine x2  
  63  7:12  Marauder  
  63  7:15  SCV x3  
  72  7:27  Barracks Reactor x2, SCV, Marine x2  
  72  7:28  Marine x2  
  77  7:33  Terran Vehicle And Ship Armor Level 1, Marine  
  77  7:34  SCV x2  
  80  7:39  SCV, Supply Depot  
  80  7:40  Supply Depot  
  81  7:44  Supply Depot  
  81  7:45  Marine x3  
  81  7:46  SCV  
  81  7:47  Orbital Command  
  81  7:48  Marine  
  86  7:53  Marine  
  86  7:56  SCV  
  88  7:59  Medivac x2  
  88  8:00  SCV  
  88  8:01  Terran Infantry Weapons Level 2  
  88  8:02  Marine  
  88  8:03  Marine x4  
  88  8:04  Marine x2  
  100  8:09  Marine  
  100  8:12  Marine  
  102  8:20  Marine x2  
  102  8:29  SCV x3  
  100  8:34  Marine x6  
  100  8:35  Medivac x2, Marauder  
  112  8:41  SCV x2, Marine x2  
  112  8:43  Command Center  
  114  8:49  SCV  
  114  8:51  Widow Mine x2  
  114  8:52  Marine x4  
  114  8:53  SCV  
  122  8:56  Terran Infantry Armor Level 2, Marauder  
  122  8:58  SCV  
  122  9:01  SCV  
  123  9:05  Medivac  
  123  9:06  SCV  
  123  9:09  Bunker  
  126  9:10  SCV  
  126  9:11  Marine x3  
  126  9:13  SCV, Supply Depot  
  131  9:20  Marine x2  
  133  9:24  Supply Depot x2, Marine x2  
  133  9:25  SCV x2  
  137  9:37  Marine x2  
  137  9:39  Widow Mine x2  
  141  9:46  Barracks x2  
  141  9:47  Marine x2  
  141  9:48  Barracks  
  137  9:53  Marine x3  
  133  10:07  Marine x6  
  129  10:09  SCV x3  
  129  10:11  Marine  
  139  10:19  Command Center  
  141  10:21  SCV x3  
  141  10:22  Refinery, Marine  
  141  10:23  Command Center  
  141  10:24  Refinery  
  141  10:25  Marauder  
  141  10:28  Marine  
  145  10:33  SCV x3  
  145  10:34  Medivac x2  
  153  10:39  Marine x2  
  155  10:44  Marine  
  155  10:45  SCV x2, Marine  
  155  10:47  Marauder  
  160  10:50  Planetary Fortress  
  160  10:51  SCV  
  161  10:57  SCV x2  
  161  11:01  Marine x4  
  161  11:04  Widow Mine x2  
  171  11:06  Barracks Tech Lab x2  
  171  11:08  Marauder  
  171  11:10  Reaper  
  174  11:11  Marine  
  174  11:12  Marine x3  
  174  11:13  Marine  
  174  11:14  Sensor Tower  
  177  11:18  Marine  
  177  11:19  Marine x2  
  177  11:20  Combat Shield  
  180  11:26  Marine  
  180  11:27  Marine  
  180  11:29  Marine x2  
  180  11:31  Widow Mine x2  
  183  11:33  Factory  
  183  11:38  Command Center  
  173  12:08  Command Center  
  173  12:15  Marauder x3, Marine x3  
  181  12:16  Marine x3  
  181  12:20  Command Center  
  173  12:34  Widow Mine x2  
  173  12:35  Marine x2  
  173  12:36  Marine  
Show
View Real Time Build Order
Export as new Build Order

Wilo Zerg 

Build Orders: Pool First 

Get SALT Encoding   

  12  0:01  Drone  
  13  0:10  Drone  
  13  0:13  Extractor  
  13  0:16  Drone  
  14  0:33  Spawning Pool  
  13  0:36  Drone  
  13  0:42  Extractor  
  13  0:43  Drone  
  15  0:52  Overlord  
  15  1:21  Zergling x6, Metabolic Boost  
  18  1:25  Queen  
  20  1:50  Hatchery  
  20  1:52  Zergling x2  
  20  1:56  Zergling x2  
  21  2:13  Drone  
  21  2:38  Drone  
  22  2:48  Overlord  
  21  3:01  Queen  
  21  3:05  Drone x4  
  26  3:10  Overlord  
  26  3:12  Drone x2  
  29  3:15  Hatchery  
  29  3:16  Drone  
  29  3:23  Drone x2  
  29  3:24  Drone  
  32  3:32  Drone  
  33  3:38  Queen  
  33  3:40  Drone x2  
  37  3:42  Drone  
  37  3:47  Drone x2  
  40  3:51  Overlord  
  40  3:58  Drone x2  
  42  4:11  Drone x4  
  42  4:12  Drone  
  47  4:21  Baneling Nest  
  47  4:22  Queen  
  48  4:27  Overlord  
  48  4:28  Queen  
  48  4:30  Drone x2  
  52  4:34  Queen  
  52  4:38  Zergling x4  
  53  4:48  Zergling x12  
  59  5:01  Zergling x2, Spore Crawler  
  59  5:02  Zergling x10  
  59  5:06  Spore Crawler  
  64  5:07  Drone  
  64  5:16  Spore Crawler, Drone  
  64  5:17  Drone  
  65  5:22  Baneling x9  
  65  5:26  Overlord x2  
  56  5:50  Zergling x20  
  57  6:01  Drone x3  
  57  6:05  Drone  
  57  6:06  Drone x2  
  57  6:08  Drone x3  
  63  6:15  Lair  
  63  6:24  Drone x4  
  67  6:35  Extractor  
  67  6:36  Evolution Chamber, Drone x3, Extractor  
  67  6:37  Evolution Chamber  
  66  6:42  Drone x2  
  66  6:46  Drone  
  69  6:50  Drone x4  
  73  7:04  Overlord, Extractor x2  
  73  7:05  Overlord  
  71  7:10  Drone x3  
  71  7:13  Overlord  
  71  7:14  Hatchery, Overlord  
  73  7:16  Centrifical Hooks  
  73  7:18  Zerg Melee Weapons Level 1  
  73  7:24  Overseer  
  73  7:28  Zergling x2  
  73  7:29  Zergling x12, Extractor  
  79  7:33  Queen  
  81  7:37  Drone x3  
  81  7:39  Drone  
  85  7:46  Drone x4  
  85  7:47  Drone  
  85  7:50  Drone  
  85  7:51  Drone x2  
  93  7:52  Drone  
  94  7:59  Zerg Ground Armor Level 1  
  94  8:01  Drone  
  94  8:04  Drone x3  
  94  8:05  Overlord  
  98  8:09  Pneumatized Carapace  
  98  8:11  Baneling x4  
  98  8:12  Zergling x2  
  98  8:21  Overseer  
  80  8:37  Drone x2  
  82  8:44  Drone x10  
  89  8:50  Drone  
  89  8:51  Drone x4  
  89  8:55  Queen x3  
  99  9:10  Hatchery  
  99  9:12  Zergling x10  
  102  9:21  Zergling x2  
  102  9:22  Zergling x10, Spore Crawler  
  107  9:30  Zergling x10  
  108  9:37  Baneling x3  
  106  9:39  Overlord x3  
  91  9:54  Zergling x18  
  91  9:55  Zergling x4  
  98  10:04  Queen x2  
  98  10:07  Overlord  
  98  10:09  Zerg Ground Armor Level 2, Zerg Melee Weapons Level 2, Drone x2  
  100  10:22  Zergling x12  
  100  10:27  Baneling x17  
  106  10:33  Drone x3  
  106  10:35  Overseer  
  107  10:50  Burrow  
  107  10:56  Hatchery  
  107  10:57  Zergling x14  
  107  11:02  Zergling x6  
  116  11:07  Hatchery, Zergling x4  
  115  11:18  Zergling x2  
  115  11:19  Zergling x10  
  119  11:27  Zergling x6  
  102  11:41  Zergling x20  
  96  11:54  Zergling x2  
  96  11:55  Zergling x4  
  96  11:59  Zergling x2  
  96  12:01  Baneling x12  
  96  12:02  Baneling x2  
  96  12:04  Zergling x2  
  96  12:05  Zergling x2  
  98  12:09  Zergling x4  
  98  12:11  Baneling x7  
  98  12:13  Zergling x2  
  102  12:16  Zergling x2  
  102  12:20  Zergling x4  
  107  12:22  Zergling x2  
  107  12:28  Zergling x2  
  98  12:35  Zergling x2  
  98  12:36  Zergling x6  
Tags
 
Add a new tag
Caveats
  • Supply blocks, unpowered buildings, or Contaminate may cause inaccurate times.
  • Supply counts are checked every 10 seconds.